 Dungeon Crawl Stone Soup version 0.28-a0-1524-ge72afd5fc6 (webtiles) character file.

Game seed: 3549747158771876156

65 Demosthentine the Cutter (level 4, 0/28 HPs)
             Began as a Tengu Monk on Jan 17, 2022.
             Slain by Terence (7 damage)
             ... on level 3 of the Dungeon.
             The game lasted 00:03:25 (2486 turns).

Demosthentine the Cutter (Tengu Monk)               Turns: 2486, Time: 00:03:26

Health: 0/28       AC:  3    Str: 13    XL:     4   Next: 13%
Magic:  5/5        EV: 13    Int: 10    God:
Gold:   141        SH:  0    Dex: 17    Spells: 3/3 levels left

rFire   . . .      SeeInvis .   a - +0 short sword
rCold   . . .      Faith    .   (no shield)
rNeg    . . .      Spirit   .   j - +0 leather armour
rPois   .          Reflect  .   (helmet restricted)
rElec   .          Harm     .   (no cloak)
rCorr   .          Rampage  .   (no gloves)
Will    .....                   (boots unavailable)
Stlth   +.........              (no amulet)
HPRegen 0.09/turn               (no ring)
MPRegen 0.09/turn               (no ring)

@: invisible (expiring), very slow
A: beak, talons 3
a: no special abilities


You were on level 3 of the Dungeon.
You visited 1 branch of the dungeon, and saw 3 of its levels.

You collected 141 gold pieces.

Inventory:

Hand Weapons
 a - a +0 short sword (weapon)
Armour
 j - a +0 leather armour (worn)
Scrolls
 c - 2 scrolls of identify
 e - 2 scrolls of noise {unknown}
 g - a scroll of fear
 h - a scroll of enchant weapon {unknown}
Potions
 b - a potion of brilliance
 i - a potion of heal wounds {unknown}


   Skills:
 + Level 3.6 Fighting
 + Level 4.0 Short Blades
 + Level 1.2 Armour
 + Level 3.9 Dodging
 - Level 2.0 Stealth


You had 3 spell levels left.
You didn't know any spells.
Your spell library contained the following spells:

 Spells                   Type           Power      Damage    Failure   Level
 Magic Dart               Conj           0%         1d3       43%         1
 Blink                    Tloc           0%         N/A       58%         2
 Call Imp                 Summ           0%         N/A       58%         2
 Lesser Beckoning         Tloc           0%         N/A       82%         3
 Mephitic Cloud           Conj/Pois/Air  0%         N/A       82%         3
 Manifold Assault         Tloc           0%         N/A       100%        5


Dungeon Overview and Level Annotations

Branches:
Dungeon (3/15)

Altars:

Shops:
D:2 (

Portals:
Sewer: D:3

Annotations:
D:3 Terence


Innate Abilities, Weirdness & Mutations

You have a beak for a mouth.
You have claws for feet.


Message History

You hear the rusting of a drain very nearby.
You start resting.
You hear the rusting of a drain very nearby.
You start resting.
You hear the brisk rusting of a drain very nearby.
Terence shouts!
Terence drinks a potion.
Terence seems to speed up.
You fade into invisibility!
You hit Terence. You claw Terence. You peck Terence, but do no damage.
Terence is moderately wounded.
Terence hits you with a +0 mace!
* * * LOW HITPOINT WARNING * * *
You hit Terence but do no damage.
Terence is moderately wounded.
Terence closely misses you.
You hit Terence but do no damage.
Terence is moderately wounded.
Terence shouts, "Now you die!" Terence barely misses you.
Terence hits you with a +0 mace.
* * * LOW HITPOINT WARNING * * *
You feel better. Terence hits you with a +0 mace.
You hit Terence but do no damage. You claw Terence, but do no damage.
Terence is moderately wounded.
Terence hits you with a +0 mace.
* * * LOW HITPOINT WARNING * * *
Terence completely misses you.
You hit Terence but do no damage.
Terence is moderately wounded.
You flicker for a moment.
Found a dagger.
You enter the shallow water.
Moving in this stuff is going to be slow. ...and don't expect to remain undetected.
Terence shouts!
You hit Terence but do no damage.
Terence is lightly wounded.
Terence misses you. x2
Your unstable footing causes you to fumble your attack.
Terence hits you with a +0 mace!
You die...

#.#.######.#
#.....)....##
#............
#....≈≈≈......#
#..≈≈≈≈≈.....#
#..≈≈∩≈≈.....#
#..≈≈≈≈≈.....#
##..@@≈≈.)...#
#............####
#................
###.###.........####
....................
#.##########....####
....................
#.##########.#######
######.#


You could see Terence (fast).

Vanquished Creatures
  A river rat (D:3)
  An adder (D:2)
  A worm (D:2)
  2 dart slugs (D:3)
  An orc (D:3)
  4 ball pythons
  A bat (D:3)
  3 endoplasms
  5 giant cockroaches
  3 goblins (D:2)
  4 hobgoblins
  2 kobolds
  A quokka (D:2)
  4 frilled lizards
  4 rats
37 creatures vanquished.

Notes
Turn   | Place    | Note
-------+----------+-------------------------------------------
     0 | D:1      | Demosthentine the Tengu Monk began the quest for the Orb.
     0 | D:1      | Reached XP level 1. HP: 14/14 MP: 2/2
   260 | D:1      | Found a faded altar of an unknown god.
   364 | D:1      | Reached XP level 2. HP: 19/19 MP: 3/3
   818 | D:2      | Found Pyuriz's Weapon Shop.
  1017 | D:2      | Reached XP level 3. HP: 10/23 MP: 4/4
  2136 | D:3      | Reached skill level 1 in Armour
  2171 | D:3      | Identified the +6 ring mail "Hitiohil" {rPois Slay+2}
  2329 | D:3      | Found a glowing drain.
  2329 | D:3      | Noticed Terence
  2355 | D:3      | Reached skill level 4 in Short Blades
  2355 | D:3      | Reached XP level 4. HP: 8/28 MP: 5/5
  2486 | D:3      | Slain by Terence

Illustrated notes

Levels and vault maps discovered:
D:1:      lemuel_arrival_lava_pool, layout_loops_ring,
          ebering_ecumenical_altar_ruins, minivault_24, hangedman_decor_points
D:2:      layout_rooms, serial_shops, shop, nrook_uturn
D:3:      layout_basic, portal_sewer_entry_a, minmay_randomly_rotated_circles,
          uniq_terence

Skill      XL: |  1  2  3 |
---------------+----------+-----
Armour         | 1 |  1.2
Short Blades   | 4 |  4.0
Fighting       | |  3.6
Dodging        | |  3.9
Stealth        | |  2.0

Action                   |  1- 3 |  4- 6 || total
-------------------------+-------+-------++-------
Melee: Short sword       |    83 |    15 ||    98
       Kick              |    22 |     3 ||    25
       Peck              |    10 |     2 ||    12
  Use: Scroll            |     7 |       ||     7
       Potion            |     2 |     2 ||     4
 Stab: Sleeping          |     7 |       ||     7
       Distracted        |     1 |       ||     1
Armor: Leather armour    |     8 |     1 ||     9
       Robe              |     1 |       ||     1
Dodge: Dodged            |    54 |     7 ||    61

Table legend: (Time is in decaauts)
 A = Elapsed time spent in this place.
 B = Non-inter-level travel time spent in this place.
 C = Inter-level travel time spent in this place.
 D = Time resting spent in this place.
 E = Time spent auto-exploring this place.
 F = Levels seen in this place.
 G = Mean time per level.
                   A        B        C        D        E       F      G
               +--------+--------+--------+--------+--------+-----+--------+
         Total |   2477 |   2418 |     59 |    324 |   1584 |   3 |  825.7 |
       Dungeon |   2477 |   2418 |     59 |    324 |   1584 |   3 |  825.7 |
               +--------+--------+--------+--------+--------+-----+--------+

Top non-repeatable levels by time:
     D:2: 1234 daAuts
     D:1: 817 daAuts
     D:3: 426 daAuts
